 Dungeon Crawl Stone Soup version 0.28.0-53-g5a82cb258f (webtiles) character file.

Game seed: 2197311792744420245

4141 cbfl8 the Cleaver (level 10, -2/126 (139) HPs)
             Began as a Minotaur Berserker on July 22, 2022.
             Was an Elder of Trog.
             Slain by a two-headed ogre
             ... wielding a +0 giant club
              (13 damage)
             ... on level 8 of the Dungeon.
             The game lasted 00:10:04 (9522 turns).

cbfl8 the Cleaver (Minotaur Berserker)              Turns: 9522, Time: 00:10:05

HP:   -2/126 (139)  AC: 16    Str: 22    XL:     10   Next: 7%
MP:   9/9           EV:  8    Int:  4    God:    Trog [****..]
Gold: 354           SH:  0    Dex: 14    Spells: 9/9 levels left

rFire   + . .      SeeInvis .   B - +0 war axe
rCold   . . .      Faith    .   (no shield)
rNeg    . . .      Spirit   .   E - +0 plate armour
rPois   +          Reflect  .   (helmet restricted)
rElec   .          Harm     .   (no cloak)
rCorr   .          Rampage  .   g - +0 pair of gloves
Will    .....                   i - +0 pair of boots
Stlth   ..........              (no amulet)
HPRegen 0.31/turn               e - ring of protection from fire
MPRegen 0.11/turn               u - ring of poison resistance

@: berserking, drained, very quick
A: horns 2, retaliatory headbutt
a: Renounce Religion, Berserk, Trog's Hand, Brothers in Arms


You were on level 8 of the Dungeon.
You worshipped Trog.
Trog was greatly pleased with you.
You visited 1 branch of the dungeon, and saw 8 of its levels.

You collected 354 gold pieces.

Inventory:

Hand Weapons
 a - a +0 hand axe
 B - a +0 war axe (weapon)
Armour
 b - a +0 animal skin
 g - a +0 pair of gloves (worn)
 i - a +0 pair of boots (worn)
 j - a +0 leather armour
 t - a +0 ring mail
 x - a +0 scale mail
 E - a +0 plate armour (worn)
Jewellery
 e - a ring of protection from fire (left hand)
 u - a ring of poison resistance (right hand)
 v - a ring of fire
 J - a ring of protection from fire
 K - a ring of resist corrosion
Wands
 C - a wand of iceblast (2)
 D - a wand of flame (18)
Scrolls
 c - 2 scrolls of enchant weapon {unknown}
 d - 2 scrolls of fog {unknown}
 f - a scroll of fear {unknown}
 h - 2 scrolls of immolation {unknown}
 k - 4 scrolls of identify {unknown}
 m - 2 scrolls of enchant armour {unknown}
 n - 3 scrolls of amnesia {unknown}
 w - a scroll of magic mapping {unknown}
 y - 3 scrolls of teleportation {unknown}
 F - a scroll of blinking {unknown}
 G - a scroll of holy word {unknown}
 H - a scroll of noise {unknown}
Potions
 l - 4 potions of curing
 o - a potion of cancellation {unknown}
 p - a potion of heal wounds {unknown}
 q - a potion of might {unknown}
 r - 2 potions of haste {unknown}
 s - a potion of flight {unknown}
 z - 5 potions of mutation {unknown}
 A - a potion of magic {unknown}
 I - a potion of invisibility {unknown}


   Skills:
 * Level 9.8 Fighting
 + Level 11.4 Axes
 + Level 8.1 Armour
 + Level 4.5 Dodging
 + Level 1.7 Stealth
 * Level 3.0 Evocations


You had 9 spell levels left.
You didn't know any spells.
Your spell library was empty.

Dungeon Overview and Level Annotations

Branches:
Dungeon (8/15)             Temple (0/1) D:5
   Lair: D:8-11

Altars:
Nemelex Xobeh
Trog
Uskayaw
Xom

Annotations:
D:7 2 transporters, jimonade's ghost, novice FoFi


Innate Abilities, Weirdness & Mutations

You have a pair of horns on your head.
You reflexively headbutt those who attack you in melee.


Message History

No target in view!
You start resting.
You start resting.
HP restored.
You start waiting.
Done waiting.
A wight and a two-headed ogre come into view.
The wight moves out of view.
Things that are here:
a +2 short sword; a +0 robe
Items here: )) [[.
Things that are here:
a +3 mace; a +0 robe The two-headed ogre hits you with a +0 giant club!!
The two-headed ogre hits you with a +0 giant club!
The wight barely misses you.
A red film seems to cover your vision as you go berserk!
You feel yourself moving faster!
You feel mighty!
The wight hits you from afar with a +3 spear.
The two-headed ogre hits you with a +0 giant club!!
The two-headed ogre hits you with a +0 giant club!
* * * LOW HITPOINT WARNING * * *
You slash the two-headed ogre!
Your headbutt misses the two-headed ogre.
The two-headed ogre is lightly wounded.
The wight hits you from afar with a +3 spear!
* * * LOW HITPOINT WARNING * * *
You slash the two-headed ogre!
The two-headed ogre is heavily wounded.
The two-headed ogre closely misses you. The two-headed ogre barely misses you.
You are too berserk!
You slice the two-headed ogre!!
The two-headed ogre is almost dead.
The wight hits you but does no damage.
You hit the two-headed ogre but do no damage.
The two-headed ogre is almost dead.
The two-headed ogre hits you with a +0 giant club!
* * * LOW HITPOINT WARNING * * *
The two-headed ogre hits you with a +0 giant club!
You die...

.#.... #.....# .#.#.#
#....#### .....# .##.
#.#.###.. <... .>.
#.#.###.# . #..#
#..##.....#.####...
#..######..##.....#........
#..#.. .....#..))))).#
#))#.# #...#.....##.#
#).#.# #...#:.@..##<##
#..#.####....zO.......#
#...............####..#
##.....................
###.#####.##...####...# #.#
#.###### .#.# #####.# #.###
......# #...# #####.# ###)#


You could see a two-headed ogre and a wight.

Vanquished Creatures
  A two-headed ogre (D:8)
  A wyvern (D:5)
  4 humans (D:6)
  Edmund (D:5)
  6 water moccasins
  An orc warrior (D:6)
  A sky beast (D:6)
  2 black bears
  An ogre (D:5)
  2 ice beasts
  A centaur (D:6)
  A kobold brigand (D:8)
  2 scorpions
  A gnoll sergeant (D:8)
  A water moccasin zombie (D:6)
  4 wights (D:8)
  A howler monkey (D:5)
  3 jellies
  A gnoll shaman (D:6)
  3 orc priests
  2 bullfrog skeletons
  5 hounds
  A centaur skeleton (D:7)
  4 orc wizards
  3 iguanas
  A killer bee zombie (D:6)
  6 gnolls
  A howler monkey skeleton (D:5)
  8 adders
  A white imp (D:6)
  2 worms
  2 dart slugs
  23 orcs
  12 ball pythons
  6 bats
  6 endoplasms
  2 giant cockroaches (D:4)
  5 hobgoblins
  14 jackals
  5 quokkas
  5 frilled lizards
  7 goblins
  10 kobolds
  10 rats
179 creatures vanquished.

Notes
Turn   | Place    | Note
-------+----------+-------------------------------------------
     0 | D:1      | cbfl8 the Minotaur Berserker began the quest for the Orb.
     0 | D:1      | Reached XP level 1. HP: 19/19 MP: 0/0
   368 | D:1      | Reached XP level 2. HP: 25/27 MP: 1/1
   492 | D:1      | Reached skill level 4 in Axes
  1024 | D:1      | Reached ** piety under Trog
  1344 | D:2      | Reached XP level 3. HP: 26/34 MP: 2/2
  1524 | D:2      | Found a faded altar of an unknown god.
  1674 | D:2      | Reached XP level 4. HP: 40/41 MP: 3/3
  1815 | D:2      | Reached skill level 5 in Axes
  2009 | D:3      | Noticed a scorpion
  2016 | D:3      | Killed a scorpion
  2017 | D:3      | Reached skill level 5 in Fighting
  2017 | D:3      | Reached skill level 1 in Stealth
  2017 | D:3      | Reached XP level 5. HP: 48/48 MP: 4/4
  2534 | D:3      | Reached *** piety under Trog
  2609 | D:3      | Noticed a water moccasin
  2617 | D:3      | Killed a water moccasin
  2618 | D:3      | Reached skill level 6 in Axes
  2618 | D:3      | Reached XP level 6. HP: 57/57 MP: 5/5
  3355 | D:4      | Found a bloodstained altar of Trog.
  3553 | D:4      | Reached XP level 7. HP: 50/63 MP: 6/6
  3657 | D:4      | Reached skill level 7 in Axes
  4188 | D:5      | Entered Level 5 of the Dungeon
  4189 | D:5      | Noticed Edmund
  4207 | D:5      | HP: 3/96 [Edmund/+3 flail of protection (2)]
  4209 | D:5      | Killed Edmund
  4211 | D:5      | HP: 1/96 [poisoned by a water moccasin]
  4902 | D:5      | Found a staircase to the Ecumenical Temple.
  4913 | D:5      | Noticed a wyvern
  4920 | D:5      | Killed a wyvern
  4921 | D:5      | Reached skill level 5 in Armour
  4921 | D:5      | Reached XP level 8. HP: 73/73 MP: 7/7
  5041 | D:5      | Reached skill level 8 in Axes
  5287 | D:5      | Found a sparkling altar of Nemelex Xobeh.
  5341 | D:5      | Reached **** piety under Trog
  5583 | D:5      | Found a hide-covered altar of Uskayaw.
  5871 | D:6      | Reached skill level 9 in Axes
  6246 | D:6      | Reached XP level 9. HP: 46/82 MP: 8/8
  6248 | D:6      | Reached skill level 1 in Evocations
  7204 | D:6      | Reached skill level 10 in Axes
  8074 | D:7      | Found a transporter.
  8078 | D:7      | Noticed jimonade's ghost (novice FoFi)
  8114 | D:7      | Found a shimmering altar of Xom.
  8128 | D:7      | Found a transporter.
  8526 | D:7      | Identified the +1 falchion "Fuogep" {freeze, *Slow Fly
                  | rPois Stlth-}
  8914 | D:8      | Reached skill level 11 in Axes
  9131 | D:8      | Noticed a two-headed ogre
  9138 | D:8      | Killed a two-headed ogre
  9139 | D:8      | Reached XP level 10. HP: 89/92 MP: 9/9
  9495 | D:8      | Noticed a two-headed ogre
  9522 | D:8      | Slain by a two-headed ogre

Illustrated notes

Levels and vault maps discovered:
D:1:      erik_arrival_triangle_small, layout_loops_corners,
          minmay_misc_feat_five
D:2:      layout_rooms, nicolae_ecumenical_snake_handling
D:3:      layout_basic, minmay_randomly_rotated_circles
D:4:      layout_basic, trog_three_pillars_becter
D:5:      layout_gridville, mainiacjoe_overflow_surrounded_room,
          eat_drink_and_be_merry_uskayaw, minmay_temple_entry_gardened_gates,
          uniq_edmund
D:6:      layout_layer_cave, minmay_ruffians
D:7:      layout_layer_cave, dk_xom_monty_hall, gammafunk_ghost_stat_death,
          minivault_27
D:8:      layout_loops_ring, gammafunk_ghost_spectres, uniq_maurice

Skill      XL: |  1  2  3  4  5  6  7  8  9 10 |
---------------+-------------------------------+-----
Fighting       | 4 5 6 7 8 9 |  9.8
Axes           | 4 5 6 7 9 11 | 11.4
Dodging        | 3 4 |  4.5
Stealth        | 1 |  1.7
Armour         | 3 5 7 8 |  8.1
Evocations     | 3 |  3.0

Action                   |  1- 3 |  4- 6 |  7- 9 | 10-12 || total
-------------------------+-------+-------+-------+-------++-------
Melee: Hand axe          |    74 |   117 |    93 |       ||   284
       Headbutt          |    10 |    20 |    46 |     2 ||    78
       Punch             |     2 |     2 |     3 |       ||     7
       War axe           |       |       |   161 |    16 ||   177
Invok: Berserk           |       |     2 |     5 |     1 ||     8
       Trog's Hand       |       |     1 |       |       ||     1
  Use: Potion            |       |       |     2 |       ||     2
Armor: Animal skin       |    22 |     5 |       |       ||    27
       Leather armour    |       |    13 |       |       ||    13
       Ring mail         |       |    24 |       |       ||    24
       Scale mail        |       |     4 |    67 |       ||    71
       Plate armour      |       |       |    57 |     3 ||    60
Dodge: Dodged            |    60 |    58 |   126 |     9 ||   253
